 Dungeon Crawl Stone Soup version 0.25-a0-667-gb977e01cb5 (webtiles) character file.

Game seed: 16637960434024940752, levelgen mode: deterministic

11378 CryoSword the Markscentaur (level 11, -5/95 HPs)
             Began as a Centaur Hunter on Mar 27, 2020.
             Was an Elder of Fedhas.
             Slain by a hornet (14 damage)
             ... in a Gauntlet.
             The game lasted 00:46:13 (14768 turns).

CryoSword the Markscentaur (Centaur Hunter)        Turns: 14768, Time: 00:46:13

Health: -5/95      AC: 12    Str: 18    XL:     11   Next: 48%
Magic:  16/16      EV: 12    Int: 10    God:    Fedhas [****..]
Gold:   336        SH:  0    Dex: 13    Spells: 10/10 levels left

rFire    + . .     SeeInvis +   a - +1 shortbow (freeze)
rCold    . . .     Gourm    .   (shield currently unavailable)
rNeg     . . .     Faith    .   M - +0 steam dragon scales
rPois    .         Spirit   .   E - +2 hat
rElec    .         Reflect  .   F - +1 cloak
rCorr    .         Harm     .   A - +0 pair of gloves
MR       .....     NoTele   +   (no barding)
Stlth    +.........             (no amulet)
HPRegen  0.25/turn              p - +3 ring of dexterity
MPRegen  0.15/turn              z - ring of Propriety {+Fly rF+ EV+2 SInv, =R}

@: lethally poisoned (-5 -> -10), slowed
A: large, hooves 3, deformed body, speed 2, tough skin 3
a: Wall of Briars, Grow Ballistomycete, Overgrow, Renounce Religion, Evoke
Flight


You were in a Gauntlet.
You worshipped Fedhas.
Fedhas was greatly pleased with you.
You were hungry.

You visited 3 branches of the dungeon, and saw 13 of its levels.
You also visited: Gauntlet.

You collected 621 gold pieces.
You spent 285 gold pieces at shops.

Inventory:

Hand Weapons
 a - a +1 shortbow of freezing (weapon)
   (You took it off a centaur on level 5 of the Dungeon)
 b - a +0 spear of venom
   (You found it on level 8 of the Dungeon)
 O - a +0 halberd
   (You took it off a gnoll on level 3 of the Dungeon)
Missiles
 d - 54 arrows (quivered)
 o - 52 poisoned darts
 v - 7 javelins
 y - 9 boomerangs
 D - 3 curare-tipped darts
 H - 3 silver boomerangs
 I - a throwing net
Armour
 A - a +0 pair of gloves (worn)
   (You found it on level 9 of the Dungeon)
 E - a +2 hat (worn)
   (You took it off Gastronok on level 9 of the Dungeon)
 F - a +1 cloak (worn)
   (You found it on level 5 of the Dungeon)
 G - a +1 hat of intelligence
   (You found it on level 5 of the Dungeon)
 M - +0 steam dragon scales (worn)
   (You took it off Maggie on level 8 of the Dungeon)
Jewellery
 p - a +3 ring of dexterity (left hand)
   (You found it on level 2 of the Dungeon)
 z - the ring of Propriety (right hand) {+Fly rF+ EV+2 SInv, =R}
   (You found it on level 4 of the Dungeon)

   [ring of evasion]

   It affects your evasion (+2).
   It protects you from fire.
   It lets you see invisible.
   It lets you fly.
 N - an uncursed ring of protection from cold
   (You found it on level 8 of the Dungeon)
Wands
 j - a wand of digging (4)
   (You found it on level 4 of the Dungeon)
 B - a wand of disintegration (11)
   (You found it on level 5 of the Dungeon)
 P - a wand of flame (15)
   (You took it off a big kobold on level 9 of the Dungeon)
Scrolls
 c - a scroll of amnesia {unknown}
 g - 4 scrolls of enchant armour
 i - 9 scrolls of teleportation {@r4}
 k - 4 scrolls of identify {@r1}
 l - 7 scrolls of remove curse {@r2}
 q - 4 scrolls of immolation {!r}
 s - 2 scrolls of fog
 t - 2 scrolls of noise {unknown}
 x - 4 scrolls of magic mapping
 C - 2 scrolls of fear {unknown}
 K - 4 scrolls of blinking {unknown}
Potions
 e - 3 potions of curing {@q1}
 h - a potion of haste {unknown}
 m - 3 potions of lignification {!q}
 n - 2 potions of stabbing
 r - 2 potions of resistance
 u - 2 potions of might
 w - 3 potions of mutation {!q}
 J - a potion of cancellation
Comestibles
 f - 25 rations {!d}


   Skills:
 + Level 8.6 Fighting
 - Level 5.3 Polearms
 * Level 15.2 Bows
 - Level 5.0 Armour
 + Level 2.2 Dodging
 - Level 0.4 Stealth
 * Level 7.3 Invocations


You had 10 spell levels left.
You didn't know any spells.
Your spell library was empty.

Dungeon Overview and Level Annotations

Branches:
Dungeon (11/15)            Temple (1/1) D:5            Lair (1/6) D:9
    Orc (0/2) D:10        Gauntlet (1/1)

Altars:
Ashenzari
Cheibriados
Elyvilon
Fedhas
Gozag
Hepliaklqana
Kikubaaqudgha
Makhleb
Nemelex Xobeh
Okawaru
Qazlal
Ru
Sif Muna
Trog
Uskayaw
Vehumet
Xom
Yredelemnul
Zin
The Shining One

Shops:
D:4 !   D:6 ?   D:7 *

Annotations:
D:3 lis82's ghost, amateur DgCj Gauntlet 21 runed translucent doors, 10 transporters, exclusion: orange crystal statue


Innate Abilities, Weirdness & Mutations

You have hooves in place of feet.
Armour fits poorly on your strangely shaped body.
You cover ground very quickly.
You have extremely tough skin. (AC +3)


Message History

Something hits the demonic plant but does no damage.
Found a runed spear.
Something hits the demonic plant but does no damage.
Something completely misses the demonic plant.
Something hits the demonic plant but does no damage.
Found a transporter.
Found a transporter.
Found a heavily runed helmet.
Found a gate leading back out of this place.
The death scarab waves its antennae.
Key pressed, stopping explore.
The white imp shouts, "Back with thee, thou canting nose-picking crock!"
The white imp picks up a beetle and eats it.
The iron imp shouts, "Embrace thy fall, thou errant fob-snatching fleecer!"
Found a large runed translucent door.
There is a transporter here.
The hornet buzzes angrily.
There is a transporter here.
Found a transporter.
The wolf howls!
The wolf howls!
The necromancer shouts!
Found a transporter.
The wolf howls!
Found a transporter.
Found a pair of runed gloves.
Found a lightning rod (4/4).
Marking area around an orange crystal statue as unsafe for travelling.
The orange crystal statue glitters topaz in the dim dungeon light.
The orange crystal statue glitters topaz in the dim dungeon light.
Some of the chunks of flesh in your inventory have rotted away.
The orange crystal statue glitters topaz in the dim dungeon light.
Partly explored, unvisited transporter.
Search for what [Enter for "."]? .
Unknown command.
Press: ? - help, v - describe, . - travel A translucent stone wall.
The white imp grinds its teeth.
The rust devil screeches!
The hornet buzzes angrily.
The hornet buzzes angrily.
The iron imp shouts!
You hear a shout!
The white imp shouts, "Back with thee, thou droning fool-headed nightsoil!"
Why would you want to do that? Why would you want to do that?
Why would you want to do that?
All of the chunks of flesh in your inventory have rotted away.
There is a transporter here.
Press: ? - help, v - describe, . - travel, g - get item A crooked runed staff.
The floor.
You are feeling hungry.
There is a transporter here.
There is a transporter here.
You enter the transporter and appear at another place.
Why would you want to do that? Why would you want to do that?
The hornet closely misses you. Why would you want to do that?
The hornet stings you!
You are poisoned.
You feel yourself slow down.
You feel sick. The hornet barely misses you.
You feel yourself speed up.
You feel sick. The hornet barely misses you.
There is a transporter here.
You enter the transporter and appear at another place.
You feel sick. The hornet stings you.
You suddenly lose the ability to move!
The hornet stings you!
You feel yourself slow down. The hornet stings you.
You are more poisoned.
You feel as though you will be slow longer.
You feel sick.
The hornet stings you but does no damage.
The hornet stings you.
You feel as though you will be slow longer.
You can move again.
You are too injured to fight recklessly!
You are too injured to fight recklessly!
Firing (i - inventory. (/) - cycle)
d - 60 arrows (quivered)
Press: ? - help, Shift-Dir - straight line, f - hornet
Aim: a hornet You shoot an arrow.
The arrow barely misses the hornet.
You feel sick. The hornet stings you!
You shrug off the repeated paralysis!
The hornet stings you but does no damage.
The hornet stings you!
You are more poisoned.
You feel as though you will be slow longer.
The hornet barely misses you.
You feel better. The hornet misses you. The hornet stings you.
You feel as though you will be slow longer.
The hornet stings you but does no damage.
The hornet stings you.
You feel as though you will be slow longer.
Your magical effects are unravelling.
You feel magically purged.
You feel yourself speed up.
The wolf howls!
The hornet stings you but does no damage.
The hornet barely misses you. x2; The hornet stings you!
* * * LOW HITPOINT WARNING * * *
You feel yourself slow down.
Firing (i - inventory. (/) - cycle)
d - 59 arrows (quivered)
Press: ? - help, Shift-Dir - straight line, f/p - hornet
Aim: a hornet You shoot an arrow.
The arrow hits the hornet.
The arrow freezes the hornet.
The hornet is moderately wounded.
The hornet stings you!
* * * LOW HITPOINT WARNING * * *
You feel as though you will be slow longer.
The hornet stings you.
* * * LOW HITPOINT WARNING * * *
You feel as though you will be slow longer.
The hornet stings you!
* * * LOW HITPOINT WARNING * * *
You feel as though you will be slow longer.
The wolf howls!
The hornet barely misses you.
Firing (i - inventory. (/) - cycle)
d - 58 arrows (quivered)
Press: ? - help, Shift-Dir - straight line, f/p - hornet
Aim: a hornet (moderately wounded)
You shoot an arrow. The arrow hits the hornet.
The arrow freezes the hornet.
The hornet is moderately wounded.
The hornet stings you.
* * * LOW HITPOINT WARNING * * *
You are poisoned.
You feel as though you will be slow longer.
The hornet stings you but does no damage.
Firing (i - inventory. (/) - cycle)
d - 57 arrows (quivered)
Press: ? - help, Shift-Dir - straight line, f/p - hornet
Aim: a hornet (moderately wounded)
You shoot an arrow. The arrow hits the hornet!
The arrow freezes the hornet.
The hornet is almost dead.
You feel sick. The hornet barely misses you. The hornet closely misses you.
The hornet stings you but does no damage.
Firing (i - inventory. (/) - cycle)
d - 56 arrows (quivered)
Press: ? - help, Shift-Dir - straight line, f/p - hornet
Aim: a hornet (severely wounded)
You shoot an arrow. The arrow barely misses the hornet.
You feel sick.
The hornet stings you but does no damage. x2
The hornet closely misses you.
Firing (i - inventory. (/) - cycle)
d - 55 arrows (quivered)
Press: ? - help, Shift-Dir - straight line, f/p - hornet
Aim: a hornet (severely wounded)
You shoot an arrow. The arrow hits the hornet!
The arrow freezes the hornet.
You kill the hornet!
Fedhas accepts your kill.
You feel sick. The hornet stings you!
You die...
Fedhas appreciates your contribution to the ecosystem.

#8#..#....©....#...#.##P###
###..#..##.##..#...#5#..#..
#..#.##...##.#...##4##.##
###..#.#.....#.#...####.#..
#8#..#....hh...#...##..##.#
###..###########...########
#.....#.©.#....≈....#.©.#
###...8.#...#...≈8≈...#...#
#8#.....#(@y#....≈....#.©.#
###..###########...########
#..#$≈..©|≈..#...#5...©[.
###..#.≈.≈...≈.#...#35.....
#8#..#..≈...≈≈.#...#54#+++#
###..#.≈.≈≈≈.≈.#...#++#...#
#..#≈≈.≈.≈..≈#...#..+...+
###..#..≈...≈.≈#...#..+...+
#8#..#©≈≈.≈≈.≈.#...#++#+#+#


You could see a hornet and 2 wolves.

Vanquished Creatures
  Gastronok (D:9)
  Harold (D:8)
  A hydra (D:9)
  2 two-headed ogres (D:10)
  Maurice (D:9)
  Maggie (D:8)
  The ghost of Theblade12 the Slasher, a novice OpFi of Gozag (D:5)
  A troll (D:11)
  Prince Ribbit (D:9)
  A hornet (Gauntlet)
  2 hippogriffs
  8 yaks
  Duvessa (D:5)
  2 black bears
  An ice beast (D:4)
  A sky beast (D:5)
  2 phantoms
  6 wolves (D:9)
  An ogre (D:10)
  2 centaurs
  2 big kobolds
  9 bullfrogs
  A gnoll sergeant (D:7)
  2 scorpions
  Dowan (D:5)
  11 killer bees
  A howler monkey (D:4)
  2 crimson imps (D:5)
  A centaur zombie (D:4)
  A bullfrog zombie (D:5)
  8 hounds
  3 orc wizards
  9 orc priests
  2 bullfrog skeletons
  A jelly (D:10)
  3 iguanas
  5 worker ants
  15 adders
  14 gnolls
  2 shadow imps (D:5)
  2 oozes
  2 worms
  A dart slug (D:2)
  9 leopard geckos
  28 orcs
  A ball python (D:4)
  13 bats
  7 giant cockroaches
  14 goblins
  9 hobgoblins
  14 jackals
  6 quokkas
  5 frilled lizards
  13 kobolds
  2 leopard gecko skeletons
  A quokka zombie (D:6)
  26 rats
283 creatures vanquished.

Vanquished Creatures (others)
  A demonic plant (Gauntlet)
  A fungus (D:5)
  2 plants (D:5)
4 creatures vanquished.

Grand Total: 287 creatures vanquished

Notes
Turn   | Place    | Note
-------+----------+-------------------------------------------
     0 | D:1      | CryoSword the Centaur Hunter began the quest for the Orb.
     0 | D:1      | Reached XP level 1. HP: 17/17 MP: 1/1
   264 | D:1      | Reached XP level 2. HP: 24/24 MP: 2/2
   488 | D:1      | Reached skill level 6 in Bows
   830 | D:1      | Reached XP level 3. HP: 30/30 MP: 3/3
  1317 | D:2      | Reached XP level 4. HP: 22/37 MP: 4/4
  1620 | D:2      | Reached skill level 7 in Bows
  2213 | D:2      | Reached XP level 5. HP: 44/45 MP: 5/5
  2455 | D:3      | Noticed a hungry ghost
  2463 | D:3      | Found a transporter.
  2507 | D:3      | Noticed lis82's ghost (amateur DgCj)
  2888 | D:3      | Reached skill level 8 in Bows
  2950 | D:3      | Found a transporter.
  3245 | D:3      | Found an ancient bone altar of Kikubaaqudgha.
  4040 | D:3      | Reached XP level 6. HP: 52/52 MP: 6/6
  4411 | D:4      | Found an iron altar of Okawaru.
  4411 | D:4      | Found a stormy altar of Qazlal.
  4411 | D:4      | Found a glowing silver altar of Zin.
  4743 | D:4      | Found a snail-covered altar of Cheibriados.
  4753 | D:4      | Reached skill level 9 in Bows
  4759 | D:4      | Reached skill level 1 in Polearms
  4921 | D:4      | Got a wavering brass ring
  5273 | D:4      | Found a hide-covered altar of Uskayaw.
  5371 | D:4      | Found Unurik's Distillery.
  5374 | D:4      | Bought a potion of lignification for 39 gold pieces
  5374 | D:4      | Bought a potion of might for 52 gold pieces
  5374 | D:4      | Bought a potion of degeneration for 13 gold pieces
  5374 | D:4      | Bought a potion of curing for 39 gold pieces
  5375 | D:4      | Identified the ring of Propriety {+Fly rF+ EV+2 SInv} (You
                  | found it on level 4 of the Dungeon)
  5556 | D:5      | Entered Level 5 of the Dungeon
  5558 | D:5      | Noticed Duvessa
  5558 | D:5      | Noticed an ice beast
  5631 | D:5      | Noticed Dowan
  5642 | D:5      | Killed Dowan
  5642 | D:5      | Reached XP level 7. HP: 55/60 MP: 7/7
  5940 | D:5      | Killed Duvessa
  5940 | D:5      | Reached skill level 10 in Bows
  6212 | D:5      | Found a runed translucent gate.
  6212 | D:5      | Found a runed translucent gate.
  6212 | D:5      | Found a runed translucent gate.
  6217 | D:5      | Noticed Theblade12's ghost (novice OpFi)
  6217 | D:5      | Identified the cursed +2 short sword "Quin Ymn" {chaos,
                  | +Fly rC+ Str+4}
  6261 | D:5      | Found a staircase to the Ecumenical Temple.
  6266 | Temple   | Entered the Ecumenical Temple
  6462 | Temple   | Became a worshipper of Fedhas Madash
  6559 | D:5      | Reached skill level 5 in Fighting
  6828 | D:5      | Found a basalt altar of Yredelemnul.
  7019 | D:5      | Reached skill level 1 in Armour
  7019 | D:5      | Reached XP level 8. HP: 68/68 MP: 8/8
  7697 | D:5      | Reached * piety under Fedhas
  7764 | D:5      | Killed Theblade12's ghost
  7764 | D:5      | Reached skill level 11 in Bows
  8402 | D:6      | Found a hazy altar of Hepliaklqana.
  8462 | D:6      | Found Angep's Magic Scroll Boutique.
  8470 | D:6      | Bought a scroll of enchant armour for 112 gold pieces
  8470 | D:6      | Bought a scroll of identify for 30 gold pieces
  8769 | D:6      | Found a glowing golden altar of the Shining One.
  9384 | D:7      | Reached XP level 9. HP: 73/75 MP: 9/9
  9507 | D:7      | Found Ekes's General Store.
  9592 | D:7      | Reached ** piety under Fedhas
  9604 | D:7      | Found a radiant altar of Vehumet.
  9656 | D:7      | Reached skill level 12 in Bows
 10177 | D:7      | Found a basalt altar of Yredelemnul.
 10327 | D:8      | Noticed Harold
 10610 | D:8      | Noticed Maggie
 10699 | D:8      | Killed Maggie
 11067 | D:8      | Reached skill level 5 in Polearms
 11067 | D:8      | Reached skill level 13 in Bows
 11336 | D:8      | Killed Harold
 11336 | D:8      | Reached XP level 10. HP: 62/86 MP: 9/11
 11511 | D:9      | Found a staircase to the Lair.
 11511 | D:9      | Noticed Maurice
 11572 | D:9      | Noticed Prince Ribbit
 11685 | D:9      | Killed Prince Ribbit
 11923 | D:9      | Reached *** piety under Fedhas
 11927 | D:9      | Noticed an eight-headed hydra
 11938 | D:9      | Killed an eight-headed hydra
 11953 | D:9      | Noticed Gastronok
 11988 | D:9      | Killed Gastronok
 11988 | D:9      | Reached skill level 14 in Bows
 11988 | D:9      | Reached skill level 5 in Invocations
 12881 | Lair:1   | Entered Level 1 of the Lair of Beasts
 12969 | D:9      | Reached XP level 11. HP: 64/94 MP: 15/15
 13378 | D:9      | Killed Maurice
 13665 | D:10     | Entered Level 10 of the Dungeon
 14013 | D:10     | Noticed a two-headed ogre
 14017 | D:10     | Killed a two-headed ogre
 14170 | D:10     | Reached skill level 15 in Bows
 14224 | D:10     | Found a staircase to the Orcish Mines.
 14252 | D:10     | Reached **** piety under Fedhas
 14357 | D:11     | Noticed a two-headed ogre
 14362 | D:11     | Reached skill level 5 in Armour
 14379 | D:10     | Killed a two-headed ogre
 14483 | D:11     | Found a gate leading to a gauntlet.
 14492 | Gauntlet | Entered a Gauntlet
 14492 | Gauntlet | Found a large runed translucent door.
 14492 | Gauntlet | Found a large runed translucent door.
 14492 | Gauntlet | Found a large runed translucent door.
 14492 | Gauntlet | Found a large runed translucent door.
 14492 | Gauntlet | Found a runed translucent door.
 14492 | Gauntlet | Found a large runed translucent door.
 14492 | Gauntlet | Found a large runed translucent door.
 14492 | Gauntlet | Found a transporter.
 14492 | Gauntlet | Found a transporter.
 14492 | Gauntlet | Found a large runed translucent door.
 14492 | Gauntlet | Found a large runed translucent door.
 14492 | Gauntlet | Found a runed translucent gate.
 14492 | Gauntlet | Found a runed translucent gate.
 14492 | Gauntlet | Found a transporter.
 14492 | Gauntlet | Found a transporter.
 14493 | Gauntlet | Found a runed translucent door.
 14493 | Gauntlet | Found a runed translucent gate.
 14496 | Gauntlet | Found a transporter.
 14501 | Gauntlet | Found a large runed translucent door.
 14501 | Gauntlet | Found a large runed translucent door.
 14506 | Gauntlet | Found a transporter.
 14510 | Gauntlet | Found a transporter.
 14518 | Gauntlet | Noticed a death scarab
 14520 | Gauntlet | Found a transporter.
 14522 | Gauntlet | Found a transporter.
 14522 | Gauntlet | Noticed a death scarab
 14566 | Gauntlet | Found a large runed translucent door.
 14566 | Gauntlet | Found a large runed translucent door.
 14569 | Gauntlet | Found a large runed translucent door.
 14569 | Gauntlet | Found a large runed translucent door.
 14570 | Gauntlet | Found a large runed translucent door.
 14571 | Gauntlet | Found a large runed translucent door.
 14611 | Gauntlet | Found a transporter.
 14622 | Gauntlet | Noticed a necromancer
 14625 | Gauntlet | Found a transporter.
 14626 | Gauntlet | Found a transporter.
 14630 | Gauntlet | Noticed an orange crystal statue
 14759 | Gauntlet | Paralysed by a hornet for 2 turns
 14768 | Gauntlet | Slain by a hornet

Levels and vault maps discovered:
D:1:      onia_arrival_mini_spirals, layout_loops_corners
D:2:      layout_rooms, minmay_rat_hole
D:3:      layout_loops_ring, lemuel_crystal_altar, gammafunk_ghost_mausoleum
D:4:      layout_basic, gammafunk_temple_overflow_claw,
          nicolae_overflow_hidden_temple, serial_shops, kennysheep_mini,
          cheibriados_altar_1
D:5:      minmay_skewed_foursquare, layout_gridville, temple_doors_e,
          gammafunk_ghost_nasty_kobolds, first_ration, basic_altar, uniq_duvessa
D:6:      layout_gridville, old_standard_altar, basic_altar, serial_shops,
          nicolae_shop_stone
D:7:      layout_cave_pools, nicolae_overflow_crystal_walls,
          lemuel_doored_altar, serial_shops, shop
D:8:      layout_rooms, uniq_harold, uniq_maggie
D:9:      layout_cave_pods, lair_entry_dummy, blue_anna_alchemist
          [blue_anna_fruit_fields, blue_anna_fruit_fields],
          minmay_misc_feat_rugged, corexii_checkpoint_b, uniq_prince_ribbit1,
          uniq_maurice, uniq_gastronok
D:10:     layout_roguey, orc_0_dummy, minmay_hedge_maze
D:11:     wad_woods_minihive, layout_basic, gauntlet_entry_generic,
          fedhas_altar_decomposition
Temple:   minmay_temple_curvy_branch
Lair:1:   statuecave_lemuel, layout_regular_city, grunt_forest_large_clearings
Gauntlet: gammafunk_gauntlet_hard_choice
          [minmay_gauntlet_arena_make_your_own_arena,
          nicolae_gauntlet_arena_flowing_pool, gammafunk_gauntlet_arena_mazey,
          gammafunk_gauntlet_arena_split_x, nicolae_gauntlet_arena_blocks,
          gammafunk_gauntlet_arena_spirals, gauntlet_exit_watery]

Skill      XL: |  1  2  3  4  5  6  7  8  9 10 11 |
---------------+----------------------------------+-----
Bows           | 6 7 8 9 10 11 13 14 15 | 15.2
Fighting       | 3 4 5 6 7 8 |  8.6
Polearms       | 1 2 4 5 |  5.3
Armour         | 1 2 3 4 5 |  5.0
Invocations    | 2 6 7 |  7.3
Dodging        | 2 |  2.2
Stealth        | |  0.4

Action                   |  1- 3 |  4- 6 |  7- 9 | 10-12 || total
-------------------------+-------+-------+-------+-------++-------
Melee: Short sword       |       |    30 |       |       ||    30
       Kick              |       |    27 |     1 |       ||    28
       Trident           |       |    96 |       |       ||    96
       Halberd           |       |       |     2 |       ||     2
 Fire: Shortbow          |   119 |   125 |   434 |   326 ||  1004
Throw: Stone             |    27 |    17 |       |       ||    44
       Dart              |       |     8 |       |       ||     8
Invok: Grow Ballistomyce |       |       |       |     1 ||     1
  Use: Scroll            |       |     9 |     3 |     2 ||    14
       Potion            |       |     1 |     1 |     2 ||     4
  Eat: Chunk             |       |    11 |    10 |     8 ||    29
       Ration            |       |       |     1 |       ||     1
Armor: Leather armour    |    16 |    55 |     2 |       ||    73
       Ring mail         |       |       |    42 |       ||    42
       Steam dragon scal |       |       |     1 |    68 ||    69
Dodge: Dodged            |    42 |    76 |    50 |   110 ||   278

Table legend:
 A = Non-vault XP
 B = Vault XP
 C = Vault XP percentage of total XP
 D = Non-vault monster count
 E = Vault monster count
 F = Vault count percentage of total count
                 A         B        C        D         E       F
            +---------+---------+-------+---------+---------+-------
      Total |   10322 |    5933 |  36.5 |     236 |      47 |  16.6
            +---------+---------+-------+---------+---------+-------
        D:1 |      55 |       0 |   0.0 |      32 |       0 |   0.0
        D:2 |     158 |      20 |  11.2 |      34 |      19 |  35.8
        D:3 |     210 |       0 |   0.0 |      33 |       0 |   0.0
        D:4 |     414 |       0 |   0.0 |      14 |       0 |   0.0
        D:5 |     605 |     656 |  52.0 |      21 |      13 |  38.2
        D:6 |     495 |       0 |   0.0 |      21 |       0 |   0.0
        D:7 |    1010 |       0 |   0.0 |      27 |       0 |   0.0
        D:8 |     924 |    1399 |  60.2 |      13 |       2 |  13.3
        D:9 |    2586 |    3576 |  58.0 |      16 |      12 |  42.9
       D:10 |    3395 |       0 |   0.0 |      22 |       0 |   0.0
       D:11 |     470 |       0 |   0.0 |       3 |       0 |   0.0
   Gauntlet |       0 |     282 | 100.0 |       0 |       1 | 100.0
            +---------+---------+-------+---------+---------+-------
